 Dungeon Crawl Stone Soup version 0.24.0-1-gfbc8707122 (webtiles) character file.

Game seed: 14834943452096966050, levelgen mode: deterministic

57 Heliosone the Ducker (level 3, 11/28 HPs)
             Began as a Demonspawn Gladiator on Oct 26, 2019.
             Quit the game on level 3 of the Dungeon on Oct 27, 2019.
             The game lasted 00:03:21 (1373 turns).

Heliosone the Ducker (Demonspawn Gladiator)         Turns: 1373, Time: 00:03:22

Health: 11/28      AC:  4    Str: 15    XL:     3   Next: 73%
Magic:  3/3        EV: 13    Int:  9    God:
Gold:   62         SH:  0    Dex: 14    Spells: 2/2 levels left

rFire    . . .     SeeInvis .   i - +0 short sword (venom)
rCold    . . .     Gourm    .   (no shield)
rNeg     . . .     Faith    .   b - +0 leather armour
rPois    .         Spirit   .   (helmet restricted)
rElec    .         Reflect  .   (no cloak)
rCorr    .         Harm     .   g - +0 pair of gloves
MR       .....                  (no boots)
Stlth    +.........             (no amulet)
HPRegen  0.09/turn              (no ring)
MPRegen  0.08/turn              (no ring)

@: quite poisoned (11 -> 4)
A: horns 2
a: no special abilities


You were on level 3 of the Dungeon.
You were hungry.

You visited 1 branch of the dungeon, and saw 3 of its levels.

You collected 62 gold pieces.

Inventory:

Hand Weapons
 a - a +0 trident
 i - a +0 short sword of venom (weapon)
Missiles
 d - 3 throwing nets (quivered)
 m - 17 poisoned darts
Armour
 b - a +0 leather armour (worn)
 c - a +0 helmet
 g - a +0 pair of gloves (worn)
Jewellery
 p - an uncursed amulet of harm {unknown}
Scrolls
 e - 3 scrolls of teleportation {unknown}
 j - a scroll of enchant armour {unknown}
 k - a scroll of magic mapping {unknown}
 q - a scroll of identify {unknown}
 s - a scroll of remove curse {unknown}
Potions
 h - a potion of invisibility {unknown}
 l - a potion of haste {unknown}
 n - a potion of curing {unknown}
 o - a potion of degeneration {unknown}
Comestibles
 f - 4 rations
 r - 7 chunks of flesh


   Skills:
 + Level 2.8 Fighting
 - Level 2.6 Polearms
 - Level 1.7 Throwing
 + Level 1.6 Armour
 + Level 3.3 Dodging


You had 2 spell levels left.
You didn't know any spells.
Your spell library was empty.

Dungeon Overview and Level Annotations

Branches:
Dungeon (3/15)

Altars:


Innate Abilities, Weirdness & Mutations

You have a pair of horns on your head.


Message History

You are too injured to fight recklessly!
You are too injured to fight recklessly!
You are too injured to fight recklessly!
You are too injured to fight recklessly!
You are too injured to fight recklessly!
You are too injured to fight recklessly!
You are too injured to fight recklessly!
You are too injured to fight recklessly!
You are too injured to fight recklessly!
You are too injured to fight recklessly!
You are too injured to fight recklessly!
You are too injured to fight recklessly!
You are too injured to fight recklessly!
You are too injured to fight recklessly!
You are too injured to fight recklessly!
You are too injured to fight recklessly!
You are too injured to fight recklessly!
Welcome back, Heliosone the Demonspawn Gladiator.
Press ? for a list of commands and other information.
Are you sure you want to abandon this character and quit the game? (Confirm with "yes".)

.....##.##.# ##......##>#
#.# .....†.....##.....
#.#..#.######.##.#
..##<#.# #.##.# ..#..#.#
###.##g. #...##.#
#...$.h# #......#
#.#.##S# #...####
#.#.##@#####
#†..#######.#.....†..#
#÷÷.##.......#.#.###.[...
......†.#........# ...
................)... .
........#.##.[..####
#...##.##.##.#..#
#...##............
#...########.######


You could see an adder, a jackal and a goblin.

Vanquished Creatures
  An adder (D:2)
  2 dart slugs
  A leopard gecko (D:3)
  2 bats (D:1)
  A giant cockroach (D:1)
  5 hobgoblins
  6 jackals (D:3)
  3 ball pythons
  A frilled lizard (D:1)
  4 goblins
  5 kobolds
  9 rats
40 creatures vanquished.

Notes
Turn   | Place    | Note
-------+----------+-------------------------------------------
     0 | D:1      | Heliosone the Demonspawn Gladiator began the quest for the
                  | Orb.
     0 | D:1      | Reached XP level 1. HP: 16/16 MP: 1/1
   119 | D:1      | Gained mutation: You have a pair of small horns on your
                  | head. [demonic ancestry]
   119 | D:1      | Reached XP level 2. HP: 22/22 MP: 2/2
   202 | D:1      | Reached skill level 3 in Dodging
   359 | D:1      | Reached skill level 1 in Armour
   842 | D:2      | Gained mutation: You have a pair of horns on your head.
                  | [demonic ancestry]
   842 | D:2      | Reached XP level 3. HP: 28/28 MP: 3/3
  1373 | D:3      | Quit the game

Levels and vault maps discovered:
D:1:      minmay_arrival_shattered_statue, layout_basic
D:2:      layout_loops_ring, hangedman_decor_clover_reticule
D:3:      layout_loops_cross, chequers_arboretum

Skill      XL: |  1  2 |
---------------+-------+-----
Dodging        | 3 |  3.3
Armour         | 1 |  1.6
Fighting       | |  2.8
Polearms       | |  2.6
Throwing       | |  1.7

Action                   || total
-------------------------++-------
Melee: Trident           ||    33
       Short sword       ||    73
       Headbutt          ||     9
 Stab: Sleeping          ||     6
  Eat: Chunk             ||     1
Armor: Leather armour    ||    23
Dodge: Dodged            ||    68
